 Dungeon Crawl Stone Soup version 0.27-a0-46-g34d46f0a3f (webtiles) character file.

Game seed: 10791756168177726234

1080 Borgoz the Cutter (level 8, 0/82 HPs)
             Began as a Halfling Gladiator on Jan 6, 2021.
             Slain by an ice beast (14 damage)
             ... on level 5 of the Dungeon.
             The game lasted 00:05:25 (4081 turns).

Borgoz the Cutter (Halfling Gladiator)              Turns: 4081, Time: 00:05:26

Health: 0/82       AC: 24    Str: 17    XL:     8   Next: 55%
Magic:  8/8        EV:  3    Int:  6    God:
Gold:   178        SH:  5    Dex: 16    Spells: 7/7 levels left

rFire    . . .     SeeInvis .   t - +2 falchion (vorpal)
rCold    . . .     Faith    .   (shield restricted)
rNeg     + + +     Spirit   .   (armour currently unavailable)
rPois    +         Reflect  +   (helmet currently unavailable)
rElec    .         Harm     .   (cloak currently unavailable)
rCorr    .         Rampage  .   (gloves currently unavailable)
Will     .....     NoTele   +   (boots currently unavailable)
Stlth    +++.......             p - amulet of reflection
HPRegen  0.23/turn              l - ring of positive energy
MPRegen  0.11/turn              (no ring)

@: tree-form
A: small, mutation resistance 1
a: no special abilities


You were on level 5 of the Dungeon.
You were a tree.
You visited 1 branch of the dungeon, and saw 5 of its levels.

You collected 178 gold pieces.

Inventory:

Hand Weapons
 a - a +0 rapier
 b - a +2 short sword of venom
 r - a +0 dagger of holy wrath
 t - a +2 vorpal falchion (weapon)
Missiles
 d - 3 throwing nets (quivered)
Armour
 c - a +1 helmet (melded)
 g - a +0 ring mail (melded)
Jewellery
 l - a ring of positive energy (left branch)
 p - an amulet of reflection (around neck)
Wands
 k - a wand of digging (5)
Scrolls
 m - 2 scrolls of remove curse
 q - a scroll of enchant weapon
Potions
 e - a potion of flight
 f - a potion of might
 h - a potion of resistance
 i - a potion of lignification
 j - a potion of brilliance
 o - a potion of degeneration {unknown}


   Skills:
 * Level 5.2 Fighting
 + Level 5.8 Short Blades
 - Level 2.0 Throwing
 + Level 3.9 Armour
 + Level 5.3 Dodging
 + Level 4.4 Stealth


You had 7 spell levels left.
You didn't know any spells.
Your spell library was empty.

Dungeon Overview and Level Annotations

Branches:
Dungeon (5/15)
 Temple: D:4-7

Altars:
Ru

Shops:
D:4 (


Innate Abilities, Weirdness & Mutations

You are small and have problems with some larger weapons.
You are somewhat resistant to further mutation.


Message History

The centaur zombie hits you but does no damage.
The ice beast hits you but does no damage.
You block the centaur zombie's attack.
The ice beast hits you but does no damage.
You hit the ice beast but do no damage.
The ice beast is heavily wounded.
The centaur zombie hits you but does no damage.
The ice beast hits you but does no damage.
You hit the centaur zombie.
The centaur zombie is almost destroyed.
The centaur zombie barely misses you.
The ice beast hits you but does no damage.
The centaur zombie hits you but does no damage.
You completely miss the centaur zombie.
The centaur zombie is almost destroyed.
The centaur zombie hits you but does no damage.
The ice beast hits you.
* * * LOW HITPOINT WARNING * * *
The ice beast freezes you!
You die...

........ .. ##.......###
... .. ............#
....
..................##...$
........................
...............ZZ.......
5..............#Z.......
#...#....##...OY♣....[..
#...#....##...5#........
#..Z#....##....#........
Z..Z'.Z........#.......?
#†..#....##....#.^......
#...#....##....#........
#...#...)##....#........
#####....##....####.####
#######....#


You could see a two-headed ogre, an ice beast, a shadow imp, a hobgoblin zombie,
an orc zombie and a centaur zombie.

Vanquished Creatures
  Pikel (D:4)
  Duvessa (D:4)
  An ogre (D:4)
  A lemure (D:4)
  Dowan (D:4)
  A bullfrog zombie (D:3)
  2 hounds (D:5)
  A gnoll shaman (D:4)
  An iguana (D:3)
  An orc wizard (D:4)
  A worker ant (D:4)
  A hound skeleton (D:5)
  Robin (D:4)
  6 adders
  2 adder skeletons (D:4)
  4 worms
  3 dart slugs
  6 leopard geckos
  6 orcs (D:4)
  8 giant cockroaches
  12 goblins
  11 hobgoblins
  8 kobolds
  3 ball pythons
  4 bats
  3 frilled lizards
  9 rats
99 creatures vanquished.

Notes
Turn   | Place    | Note
-------+----------+-------------------------------------------
     0 | D:1      | Borgoz the Halfling Gladiator began the quest for the Orb.
     0 | D:1      | Reached XP level 1. HP: 14/14 MP: 1/1
   125 | D:1      | Reached XP level 2. HP: 19/19 MP: 2/2
   366 | D:1      | Reached skill level 1 in Armour
   457 | D:1      | Reached XP level 3. HP: 21/24 MP: 3/3
   712 | D:1      | Reached skill level 1 in Stealth
  1173 | D:2      | Reached XP level 4. HP: 30/30 MP: 4/4
  1348 | D:2      | Found a faded altar of an unknown god.
  1782 | D:3      | Reached XP level 5. HP: 4/36 MP: 5/5
  2630 | D:3      | Found a sacrificial altar of Ru.
  2843 | D:4      | Noticed an ogre
  2844 | D:4      | Killed an ogre
  2845 | D:4      | Reached XP level 6. HP: 42/42 MP: 6/6
  2859 | D:4      | Noticed Dowan
  2862 | D:4      | Noticed Duvessa
  2871 | D:4      | Killed Dowan
  2873 | D:4      | Noticed Pikel
  2896 | D:4      | Killed Duvessa
  2897 | D:4      | Reached XP level 7. HP: 24/47 MP: 7/7
  2910 | D:4      | Killed Pikel
  2911 | D:4      | Reached skill level 5 in Short Blades
  2911 | D:4      | Reached skill level 5 in Dodging
  2911 | D:4      | Reached XP level 8. HP: 18/54 MP: 8/8
  3349 | D:4      | Noticed Robin
  3365 | D:4      | Killed Robin
  3456 | D:4      | Reached skill level 5 in Fighting
  3984 | D:4      | Found Bixop's Weapon Boutique.
  4026 | D:5      | Entered Level 5 of the Dungeon
  4042 | D:5      | Noticed a two-headed ogre
  4081 | D:5      | Slain by an ice beast

Illustrated notes

Levels and vault maps discovered:
D:1:      lemuel_arrival_river_ford, layout_basic,
          minmay_misc_feat_secret_circle
D:2:      layout_rooms, chequers_ecumenical_altar_grove
D:3:      layout_basic, nicolae_ru_sacrificial_ziggurat
D:4:      minmay_angry_zag, layout_loops_ring, serial_shops,
          nicolae_shop_waterfront, uniq_duvessa, uniq_pikel, uniq_robin
D:5:      layout_basic, nicolae_tso_besieged_by_evil, temple_green

Skill      XL: |  1  2  3  4  5  6  7  8 |
---------------+-------------------------+-----
Fighting       | 2 3 4 5 |  5.2
Armour         | 1 2 3 |  3.9
Stealth        | 1 2 3 4 |  4.4
Short Blades   | 4 5 |  5.8
Dodging        | 4 5 |  5.3
Throwing       | |  2.0

Action                   |  1- 3 |  4- 6 |  7- 9 || total
-------------------------+-------+-------+-------++-------
Melee: Rapier            |    12 |     4 |       ||    16
       Short sword       |   101 |    93 |    72 ||   266
       Falchion          |       |       |    37 ||    37
  Use: Scroll            |     6 |     8 |     1 ||    15
       Potion            |       |     5 |     2 ||     7
 Stab: Sleeping          |       |     2 |     2 ||     4
Armor: Ring mail         |    33 |    19 |    25 ||    77
       Leather armour    |     1 |       |       ||     1
       Skin              |       |       |    12 ||    12
Dodge: Dodged            |    76 |    66 |    71 ||   213
Block: Other             |    12 |    16 |    22 ||    50
       Reflection        |     1 |       |       ||     1
       Rpst.: Falchion   |       |       |    15 ||    15

Table legend: (Time is in decaauts)
 A = Elapsed time spent in this place.
 B = Non-inter-level travel time spent in this place.
 C = Inter-level travel time spent in this place.
 D = Time resting spent in this place.
 E = Time spent auto-exploring this place.
 F = Levels seen in this place.
 G = Mean time per level.
                   A        B        C        D        E       F      G
               +--------+--------+--------+--------+--------+-----+--------+
         Total |   4063 |   3855 |    208 |    330 |   2856 |   5 |  812.6 |
       Dungeon |   4063 |   3855 |    208 |    330 |   2856 |   5 |  812.6 |
               +--------+--------+--------+--------+--------+-----+--------+

Top non-repeatable levels by time:
     D:3: 1366 daAuts
     D:4: 1183 daAuts
     D:1: 937 daAuts
     D:2: 516 daAuts
     D:5: 59 daAuts
